 Dungeon Crawl Stone Soup version 0.28-a0-1567-g1695149f81 (webtiles) character file.

Game seed: 497863320577404371

13 comborobin the Ruffian (level 2, 0/29 HPs)
             Began as a Troll Cinder Acolyte on Jan 20, 2022.
             Was a High Priest of Ignis.
             Slain by Duvessa (11 damage)
             ... on level 4 of the Dungeon.
             The game lasted 00:00:43 (529 turns).

comborobin the Ruffian (Troll Cinder Acolyte)        Turns: 529, Time: 00:00:44

Health: 0/29       AC:  4    Str: 21    XL:     2   Next: 24%
Magic:  2/2        EV:  9    Int: 10    God:    Ignis [*****.]
Gold:   48         SH:  0    Dex:  5    Spells: 3/3 levels left

rFire   + . .      SeeInvis .     - Unarmed
rCold   . . .      Faith    .   (no shield)
rNeg    . . .      Spirit   .   a - +0 robe
rPois   .          Reflect  .   (helmet restricted)
rElec   .          Harm     .   (no cloak)
rCorr   .          Rampage  .   (gloves unavailable)
Will    .....                   (boots unavailable)
Stlth   +.........              (no amulet)
HPRegen 0.89/turn               (no ring)
MPRegen 0.08/turn               (no ring)

@: no status effects
A: large, unfitting armour, claws 3, regeneration 1, shaggy fur 1, tough skin 1
a: Renounce Religion, Fiery Armour, Foxfire Swarm, Rising Flame


You were on level 4 of the Dungeon.
You worshipped Ignis.
Ignis was extremely pleased with you.
You visited 1 branch of the dungeon, and saw 4 of its levels.

You collected 48 gold pieces.

Inventory:

Armour
 a - a +0 robe (worn)
Scrolls
 c - a scroll of blinking {unknown}
 d - a scroll of silence {unknown}
Potions
 b - a potion of attraction {unknown}


   Skills:
 - Level 2.4 Fighting
 + Level 3.7 Unarmed Combat
 - Level 1.0 Spellcasting
 - Level 2.1 Fire Magic


You had 3 spell levels left.
You didn't know any spells.
Your spell library contained the following spells:

 Spells                   Type           Power      Damage    Failure   Level
 Scorch                   Fire           8%         2d5       22%         2


Dungeon Overview and Level Annotations

Branches:
Dungeon (4/15)             Temple (0/1) D:4

Altars:

Portals:
Sewer: D:4

Annotations:
D:4 Dowan, Duvessa


Innate Abilities, Weirdness & Mutations

You are too large for most types of armour.
You have claws for hands.
Your natural rate of healing is unusually fast.
You are covered in fur. (AC +1)
You have tough skin. (AC +1)


Message History

The endoplasm hits you.
You claw the endoplasm!
You kill the endoplasm!
HP restored.
You open the door.
There is an open door here.
You open the door.
There is an open door here.
There is an open door here.
You open the door.
There is an open door here.
An endoplasm comes into view.
The endoplasm quivers.
An endoplasm is nearby!
The endoplasm closely misses you.
An endoplasm is nearby!
You claw the endoplasm!
You kill the endoplasm!
No target in view!
You now have 32 gold pieces (gained 15).
You hear the brisk rusting of a drain very nearby.
You now have 48 gold pieces (gained 16).
There is a shaft here.
Found a glowing drain.
No reachable target in view!
Key pressed, stopping explore.
No reachable target in view!
Key pressed, stopping explore.
No reachable target in view!
No reachable target in view!
Duvessa, Sister of Dowan comes into view.
She is wielding a +0 rapier.
Duvessa shouts!
Dowan, Brother of Duvessa comes into view.
He is wielding a +0 dagger of electrocution.
Dowan shouts!
Dowan says, "Magic and the sword, together, will defeat you."
Duvessa hits you with a +0 rapier. Duvessa hits you with a +0 rapier!
Dowan points at you and mumbles some strange words.
The puff of frost hits you. Duvessa hits you with a +0 rapier!
You die...

## ≈≈ ≈≈ .. ####..≈ ≈≈
###.#...#... ≈≈
####........... ≈.
#.............. ..
..##+##.......# ##
..#≈≈≈#.......# #.#
#.#≈≈B#.ee..# ...
##.#≈∩B#@...#### #.####
#..#≈≈S#.#.###.. .....#
.#..#≈≈≈#.#.# #.# #.##.#
....#####.#.# #.# #.##.##
..........#.###.###.#...##
..........................
..####......##.#####...##
##....#.#...........
#..#.##.######.....


You could see Duvessa, Dowan, an adder and 2 giant cockroaches.

Vanquished Creatures
  A worm (D:2)
  3 endoplasms
  A giant cockroach (D:4)
  A hobgoblin (D:4)
  A ball python (D:2)
  A bat (D:1)
  A kobold (D:2)
  A rat (D:2)
10 creatures vanquished.

Notes
Turn   | Place    | Note
-------+----------+-------------------------------------------
     0 | D:1      | comborobin the Troll Cinder Acolyte began the quest for the
                  | Orb.
     0 | D:1      | Reached XP level 1. HP: 22/22 MP: 1/1
   256 | D:4      | Reached XP level 2. HP: 29/29 MP: 2/2
   317 | D:4      | Found a staircase to the Ecumenical Temple.
   519 | D:4      | Found a glowing drain.
   524 | D:4      | Noticed Duvessa
   525 | D:4      | Noticed Dowan
   529 | D:4      | Slain by Duvessa

Illustrated notes

Levels and vault maps discovered:
D:1:      lemuel_arrival_broad_hall, layout_loops_ring,
          shapermc_ecumenical_altar_mp_vishouse
D:2:      layout_rooms
D:3:      layout_basic, nicolae_qazlal_scattered_showers, serial_shops,
          nicolae_shop_temple_entry_statues_fountains, minmay_misc_feat_rugged,
          chequers_big_river
D:4:      layout_loops_corners, temple_pool_b, gup_sewer_entry_glass,
          uniq_duvessa

Action                   || total
-------------------------++-------
Melee: Unarmed           ||    27
       Punch             ||     1
  Use: Scroll            ||     1
Armor: Robe              ||     3
Dodge: Dodged            ||    10

Table legend: (Time is in decaauts)
 A = Elapsed time spent in this place.
 B = Non-inter-level travel time spent in this place.
 C = Inter-level travel time spent in this place.
 D = Time resting spent in this place.
 E = Time spent auto-exploring this place.
 F = Levels seen in this place.
 G = Mean time per level.
                   A        B        C        D        E       F      G
               +--------+--------+--------+--------+--------+-----+--------+
         Total |    528 |    487 |     41 |      0 |    338 |   4 |  132.0 |
       Dungeon |    528 |    487 |     41 |      0 |    338 |   4 |  132.0 |
               +--------+--------+--------+--------+--------+-----+--------+

Top non-repeatable levels by time:
     D:4: 275 daAuts
     D:2: 105 daAuts
     D:3: 95 daAuts
     D:1: 51 daAuts
